 Dungeon Crawl Stone Soup version 0.31.0-11-ge490571c62 (webtiles) character file.

Game seed: 5855437857873820328

1386 qw the Skirmisher (level 8, -5/40 HPs)
             Began as a Spriggan Hunter on Feb 4, 2024.
             Engulfed by a steam dragon's steam (11 damage)
             ... on level 6 of the Dungeon.
             The game lasted 00:00:22 (4041 turns).

qw the Skirmisher (Spriggan Hunter)                 Turns: 4041, Time: 00:00:23

Health: -5/40      AC:  3    Str:  7    XL:     8   Next: 40%
Magic:  9/9        EV: 23    Int: 11    God:
Gold:   286        SH:  5    Dex: 20    Spells: 7/7 levels left

rFire   . . .        a - +0 shortbow (drain)
rCold   . . .        (shield currently unavailable)
rNeg    . . .        c - +0 robe
rPois   .            (helmet restricted)
rElec   .            e - +0 cloak
rCorr   .            (gloves unavailable)
SInv    +            (boots unavailable)
Will    +....        h - amulet of reflection
Stlth   ++           (no ring)
HPRegen 0.26/turn    (no ring)
MPRegen 0.11/turn

%: reflection
@: about to teleport, very quick
A: very small, no large weapons, unfitting armour, see invisible, speed 3
a: no special abilities


You were on level 6 of the Dungeon.
You visited 1 branch of the dungeon, and saw 6 of its levels.
You also visited: Sewer.

You collected 286 gold pieces.


Innate Abilities, Weirdness & Mutations

You are very small and have problems with some larger weapons.
You are too small for most types of armour.
You have supernaturally acute eyesight. (SInv)
You cover ground extremely quickly. (Speed+++)


   Skills:
 - Level 3.0 Fighting
 - Level 9.0 Ranged Weapons
 + Level 8.0 Dodging
 - Level 1.5 Stealth


You had 7 spell levels left.
You didn't know any spells.
Your spell library was empty.

Inventory:

Hand Weapons
 a - a +0 shortbow of draining (weapon)
Armour
 c - a +0 robe (worn)
 e - a +0 cloak (worn)
Jewellery
 h - an amulet of reflection (around neck)
Potions
 b - 2 potions of mutation
 f - 2 potions of haste
 g - 2 potions of might
 i - a potion of magic {unknown}
 j - a potion of curing
 k - a potion of invisibility {unknown}

Dungeon Overview and Level Annotations

Branches:
Dungeon (6/15)              Sewer (visited)
 Temple: D:4-7

Altars:
Hepliaklqana

Shops:
D:1 (   D:2 [

Annotations:
D:3 Natasha


Message History

You shoot an arrow. The arrow hits the steam dragon!
The steam dragon is moderately wounded.
The steam dragon misses you. The steam dragon closely misses you.
You shoot an arrow.
The arrow hits the steam dragon but does no damage.
The steam dragon is moderately wounded.
The steam dragon completely misses you.
The steam dragon claws you but does no damage.
You shoot an arrow. The arrow hits the steam dragon!
The steam dragon is severely wounded.
The steam dragon closely misses you.
The steam dragon claws you but does no damage.
You shoot an arrow. The arrow hits the steam dragon.
The steam dragon is severely wounded.
The steam dragon breathes steam at you. The ball of steam misses you.
You shoot an arrow.
The arrow hits the steam dragon but does no damage.
You drain the steam dragon.
The steam dragon is severely wounded.
You are engulfed in a cloud of scalding steam.
The steam dragon breathes steam at you. The ball of steam misses you.
You shoot an arrow. The arrow hits the steam dragon.
The steam dragon is almost dead.
You are engulfed in a cloud of scalding steam.
You block the steam dragon's attack. The steam dragon misses you.
You shoot an arrow.
The arrow hits the steam dragon but does no damage.
The steam dragon is almost dead.
You are engulfed in a cloud of scalding steam.
The steam dragon bites you! The steam dragon misses you.
4040 ||| READING scroll of teleportation.
As you read the scroll of teleportation, it crumbles to dust.
You feel strangely unstable. The steam dragon barely misses you.
The steam dragon completely misses you.
You shoot an arrow. The arrow hits the steam dragon.
The steam dragon is almost dead.
You are engulfed in a cloud of scalding steam.
You die...

.......####
.)...o....#
#########.#
#.....##.##
#.<)......##
#¤¤>..###..#
##.....# ##.#
####¤..¤..####.#
#.D@...........#
#)##'#####+##..#
#. ##.....###..#
.. ##.#.###'..#
... ##.###.#..#
..Dc #.#.#..#..#
.....
#.###.#.#..#
#..... ..#
#.#..#..# #.#
#.###.#..#


You could see a steam dragon (drained).

Vanquished Creatures
  Eustachio (D:5)
  Edmund (D:4)
  3 ogres
  A centaur (D:6)
  A phantom (D:5)
  2 scorpions (D:5)
  A howler monkey (D:5)
  2 jellies (Sewer)
  4 hounds
  3 orc priests
  2 sleepcaps (D:4)
  Natasha (twice) (D:3)
  2 orc wizards
  5 adders
  A river rat (Sewer)
  A shadow imp (D:5)
  A white imp (D:5)
  2 ribbon worms
  A dart slug (D:5)
  7 orcs
  12 endoplasms
  8 giant cockroaches
  6 hobgoblins
  3 quokkas
  6 ball pythons
  9 bats
  9 frilled lizards
  5 goblins
  9 kobolds
  8 rats
118 creatures vanquished.

Notes
Turn   | Place    | Note
-------+----------+-------------------------------------------
     0 | D:1      | qw the Spriggan Hunter began the quest for the Orb.
     0 | D:1      | Reached XP level 1. HP: 10/10 MP: 2/2
     0 | D:1      | 0 ||| qw: Version: 0.3-a-160-g6735b56
     0 | D:1      | 0 ||| qw: Game counter: 4392
     0 | D:1      | 0 ||| qw: Melee chars always use a shield: true
     0 | D:1      | 0 ||| qw: God list: Okawaru
     0 | D:1      | 0 ||| qw: Allow faded altars: false
     0 | D:1      | 0 ||| qw: Do Orc after clearing Dungeon:15 true
     0 | D:1      | 0 ||| qw: Do second Lair branch before Depths: true
     0 | D:1      | 0 ||| qw: Lair rune preference: random
     0 | D:1      | 0 ||| qw: Goals: Normal
     0 | D:1      | 0 ||| PLANNING D:1-11
    87 | D:1      | Reached skill level 3 in Dodging
   245 | D:1      | Reached XP level 2. HP: 14/14 MP: 3/3
   557 | D:1      | Found Nuag's Antique Weapon Shoppe.
   704 | D:1      | 704 ||| UPGRADING to amulet of reflection.
   709 | D:1      | 709 ||| READING 2 scrolls labelled JILAL DIRIS.
   713 | D:1      | 713 ||| READING scroll labelled XEBEZI KYHO.
   713 | D:1      | 713 ||| IDENTIFYING scroll labelled KUAPRECERE
   714 | D:1      | 714 ||| READING scroll labelled SETUXAF JAIC.
   714 | D:1      | 714 ||| ENCHANTING +0 shortbow.
   715 | D:1      | 715 ||| DROPPING scroll of butterflies.
   716 | D:1      | 716 ||| DROPPING scroll of noise.
   778 | D:2      | Reached XP level 3. HP: 18/18 MP: 4/4
   941 | D:2      | Found Bekam's Armour Emporium.
  1083 | D:2      | 1083 ||| READING scroll labelled PASIOCZ HO DIO.
  1100 | D:3      | 1100 ||| STAIRDANCE
  1104 | D:3      | 1104 ||| STAIRDANCE
  1109 | D:3      | 1109 ||| STAIRDANCE
  1188 | D:3      | Reached skill level 5 in Ranged Weapons
  1217 | D:3      | Reached XP level 4. HP: 22/22 MP: 5/5
  1555 | D:3      | Noticed Natasha
  1559 | D:3      | Killed Natasha
  1881 | D:3      | Noticed Natasha
  1886 | D:3      | HP: 2/22 [Natasha (9)]
  1887 | D:3      | 1887 ||| READING 3 scrolls of teleportation.
  1888 | D:3      | Killed Natasha
  1891 | D:3      | Noticed Natasha
  1892 | D:3      | 1892 ||| READING 2 scrolls of teleportation.
  1893 | D:3      | 1893 ||| FLEEEEING.
  2037 | D:3      | 2037 ||| READING 2 scrolls of identify.
  2037 | D:3      | 2037 ||| IDENTIFYING bubbling blue potion
  2038 | D:3      | 2038 ||| READING scroll of identify.
  2038 | D:3      | 2038 ||| IDENTIFYING lumpy yellow potion
  2039 | D:3      | 2039 ||| READING scroll labelled GUSALY WOASYDD.
  2039 | D:3      | 2039 ||| BRANDING +0 shortbow.
  2040 | D:3      | 2040 ||| READING scroll labelled VERIUSIMPU.
  2083 | D:3      | 2083 ||| DROPPING potion of degeneration.
  2122 | D:4      | Reached XP level 5. HP: 26/26 MP: 6/6
  2300 | D:4      | Found a hazy altar of Hepliaklqana.
  2316 | D:4      | Noticed an ogre
  2319 | D:4      | Killed an ogre
  2320 | D:4      | Reached skill level 6 in Ranged Weapons
  2320 | D:4      | Reached XP level 6. HP: 30/30 MP: 7/7
  2562 | D:4      | Noticed Edmund
  2570 | D:4      | Killed Edmund
  2571 | D:4      | Reached skill level 6 in Dodging
  2598 | D:4      | 2598 ||| READING 2 scrolls of identify.
  2598 | D:4      | 2598 ||| IDENTIFYING red potion
  2599 | D:4      | 2599 ||| READING scroll of identify.
  2599 | D:4      | 2599 ||| IDENTIFYING 2 metallic black potions
  2600 | D:4      | 2600 ||| READING scroll labelled YNIOGUNAUS.
  2601 | D:4      | 2601 ||| READING scroll labelled XEETSI REBB.
  2619 | D:5      | Entered Level 5 of the Dungeon
  2620 | D:5      | 2620 ||| PLANNING SEWER
  2622 | D:5      | 2622 ||| STAIRDANCE
  2634 | D:5      | Reached skill level 7 in Ranged Weapons
  2634 | D:5      | Reached XP level 7. HP: 35/35 MP: 8/8
  2651 | D:5      | Found a glowing drain.
  2652 | D:5      | 2652 ||| UPGRADING to +0 cloak.
  2665 | Sewer    | Entered a sewer
  2786 | Sewer    | Found a viscous altar of Jiyva.
  2864 | Sewer    | 2864 ||| DRINKING 4 white potions.
  2879 | D:5      | 2879 ||| PLANNING D:1-11
  2945 | D:5      | HP: 6/35 [orc priest/nerve-wracking pain (10)]
  2946 | D:5      | 2946 ||| READING 2 scrolls of teleportation.
  2953 | D:5      | 2953 ||| READING scroll of teleportation.
  3069 | D:5      | Noticed Eustachio
  3070 | D:5      | 3070 ||| DRINKING 3 potions of haste.
  3084 | D:5      | Killed Eustachio
  3085 | D:5      | Reached skill level 8 in Ranged Weapons
  3203 | D:5      | 3203 ||| RETREEEEATING.
  3206 | D:5      | 3206 ||| RETREEEEATING.
  3207 | D:5      | 3207 ||| RETREEEEATING.
  3208 | D:5      | 3208 ||| RETREEEEATING.
  3209 | D:5      | 3209 ||| RETREEEEATING.
  3211 | D:5      | 3211 ||| RETREEEEATING.
  3213 | D:5      | 3213 ||| RETREEEEATING.
  3214 | D:5      | 3214 ||| RETREEEEATING.
  3215 | D:5      | 3215 ||| RETREEEEATING.
  3216 | D:5      | 3216 ||| RETREEEEATING.
  3217 | D:5      | 3217 ||| RETREEEEATING.
  3218 | D:5      | 3218 ||| RETREEEEATING.
  3219 | D:5      | 3219 ||| RETREEEEATING.
  3220 | D:5      | 3220 ||| RETREEEEATING.
  3221 | D:5      | 3221 ||| RETREEEEATING.
  3222 | D:5      | 3222 ||| RETREEEEATING.
  3223 | D:5      | 3223 ||| RETREEEEATING.
  3224 | D:5      | 3224 ||| RETREEEEATING.
  3225 | D:5      | 3225 ||| RETREEEEATING.
  3226 | D:5      | 3226 ||| FLEEEEING.
  3227 | D:5      | 3227 ||| FLEEEEING.
  3228 | D:5      | 3228 ||| FLEEEEING.
  3229 | D:5      | 3229 ||| FLEEEEING.
  3230 | D:5      | 3230 ||| FLEEEEING.
  3231 | D:5      | 3231 ||| FLEEEEING.
  3232 | D:5      | 3232 ||| FLEEEEING.
  3233 | D:5      | 3233 ||| FLEEEEING.
  3234 | D:5      | 3234 ||| FLEEEEING.
  3235 | D:5      | 3235 ||| FLEEEEING.
  3236 | D:5      | 3236 ||| FLEEEEING.
  3237 | D:5      | 3237 ||| FLEEEEING.
  3239 | D:5      | 3239 ||| FLEEEEING.
  3240 | D:5      | 3240 ||| STAIRDANCE
  3400 | D:5      | 3400 ||| RETREEEEATING.
  3411 | D:5      | Reached skill level 3 in Fighting
  3411 | D:5      | Reached XP level 8. HP: 40/40 MP: 9/9
  3701 | D:5      | 3701 ||| READING scroll labelled IXOFEO HUSK.
  3802 | D:5      | 3802 ||| READING scroll labelled WIADOSTR OLUNA.
  3966 | D:6      | 3966 ||| FLEEEEING.
  3967 | D:6      | 3967 ||| FLEEEEING.
  3968 | D:6      | 3968 ||| FLEEEEING.
  3971 | D:6      | 3971 ||| FLEEEEING.
  3973 | D:6      | 3973 ||| FLEEEEING.
  3974 | D:6      | 3974 ||| FLEEEEING.
  3975 | D:6      | 3975 ||| FLEEEEING.
  3976 | D:6      | 3976 ||| FLEEEEING.
  3977 | D:6      | 3977 ||| FLEEEEING.
  3978 | D:6      | 3978 ||| STAIRDANCE
  4023 | D:6      | 4023 ||| FLEEEEING.
  4030 | D:6      | Reached skill level 9 in Ranged Weapons
  4039 | D:6      | HP: 6/40 [steam dragon (8)]
  4040 | D:6      | 4040 ||| READING scroll of teleportation.
  4041 | D:6      | Engulfed by a steam dragon's steam

Levels and vault maps discovered:
D:1:      spicycebolla_green_bress_n_ham_2, layout_loops_ring, serial_shops,
          shop, minmay_heptomino_w4
D:2:      layout_rooms, serial_shops, nicolae_shop_stone
D:3:      layout_basic, uniq_natasha
D:4:      layout_rooms, nicolae_overflow_crystal_walls, uniq_edmund
D:5:      layout_basic, cheibrodos_sewer_entry_drain, minmay_starry_boxes,
          uniq_eustachio
D:6:      minmay_chambers_of_sixes, layout_basic, roderic_cross_of_infinity,
          corexii_corridor_pit

Skill      XL: |  1  2  3  4  5  6  7  8 |
---------------+-------------------------+-----
Dodging        | 3 4 5 6 7 8 |  8.0
Ranged Weapons | 5 6 7 8 9 |  9.0
Fighting       | 2 3 |  3.0
Stealth        | |  1.5

Action                     |  1- 3 |  4- 6 |  7- 9 || total
---------------------------+-------+-------+-------++-------
   Fire: Shortbow          |   137 |    87 |   182 ||   406
    Use: Scroll            |     4 |    10 |     5 ||    19
         Potion            |       |       |     2 ||     2
 Armour: Robe              |    13 |     6 |    24 ||    43
  Dodge: Dodged            |    76 |    21 |    75 ||   172
  Block: Other             |     1 |     6 |    13 ||    20
         Reflection        |       |       |     1 ||     1

Table legend:
 A = Non-vault XP
 B = Vault XP
 C = Vault XP percentage of total XP
 D = Non-vault monster count
 E = Vault monster count
 F = Vault count percentage of total count
                 A         B        C        D         E       F
            +---------+---------+-------+---------+---------+-------
      Total |    1111 |     869 |  43.9 |      74 |      44 |  37.3
            +---------+---------+-------+---------+---------+-------
        D:1 |      25 |       7 |  21.9 |      17 |       6 |  26.1
        D:2 |      40 |       0 |   0.0 |      15 |       0 |   0.0
        D:3 |      75 |      35 |  31.8 |      12 |       1 |   7.7
        D:4 |     370 |     158 |  29.9 |      15 |       1 |   6.2
        D:5 |     442 |     521 |  54.1 |      11 |      11 |  50.0
        D:6 |     159 |       0 |   0.0 |       4 |       0 |   0.0
      Sewer |       0 |     148 | 100.0 |       0 |      25 | 100.0
            +---------+---------+-------+---------+---------+-------
